Workbook

Sheet 書目連結
A1: 書名 | B1: 網址 | C1: M_ID | D1: 連結網址 | J1: 公式
A2: 全知讀者視角 | B2: https://webpac.ntpclib.gov.tw/Miracle_rwd/content?m=ss&mId= | C2: 951635 | D2: =B2&C2 -> https://webpac.ntpclib.gov.tw/Miracle_rwd/content?m=ss&mId=951635 | J2: Hyperlink | K2: (文字有連結網址)
A3: 世界上最透明的故事 | B3: https://webpac.ntpclib.gov.tw/Miracle_rwd/content?m=ss&mId= | C3: 1155772 | D3: =B3&C3 -> https://webpac.ntpclib.gov.tw/Miracle_rwd/content?m=ss&mId=1155772 | J3: link_location:選擇書目連結
A4: 我可能錯了：森林智者的最後一堂人生課 | B4: https://webpac.ntpclib.gov.tw/Miracle_rwd/content?m=ss&mId= | C4: 1074534 | D4: =B4&C4 -> https://webpac.ntpclib.gov.tw/Miracle_rwd/content?m=ss&mId=1074534 | J4: Friendly_name:選擇書名(顯示文字)
A5: 蛤蟆先生去看心理師 | B5: https://webpac.ntpclib.gov.tw/Miracle_rwd/content?m=ss&mId= | C5: 1072024 | D5: =B5&C5 -> https://webpac.ntpclib.gov.tw/Miracle_rwd/content?m=ss&mId=1072024
A6: 不便利的便利店 | B6: https://webpac.ntpclib.gov.tw/Miracle_rwd/content?m=ss&mId= | C6: 1020866 | D6: =B6&C6 -> https://webpac.ntpclib.gov.tw/Miracle_rwd/content?m=ss&mId=1020866
A7: 原子習慣：細微改變帶來巨大成就的實證法則 | B7: https://webpac.ntpclib.gov.tw/Miracle_rwd/content?m=ss&mId= | C7: 999377 | D7: =B7&C7 -> https://webpac.ntpclib.gov.tw/Miracle_rwd/content?m=ss&mId=999377
A8: 別對每件事都有反應 | B8: https://webpac.ntpclib.gov.tw/Miracle_rwd/content?m=ss&mId= | C8: 1072310 | D8: =B8&C8 -> https://webpac.ntpclib.gov.tw/Miracle_rwd/content?m=ss&mId=1072310
A9: 被討厭的勇氣：自我啟發之父「阿德勒」的教導 | B9: https://webpac.ntpclib.gov.tw/Miracle_rwd/content?m=ss&mId= | C9: 599462 | D9: =B9&C9 -> https://webpac.ntpclib.gov.tw/Miracle_rwd/content?m=ss&mId=599462
A10: 納瓦爾寶典：從白手起家到財務自由，矽谷傳奇創投家的投資哲學與人生智慧 | B10: https://webpac.ntpclib.gov.tw/Miracle_rwd/content?m=ss&mId= | C10: 1105574 | D10: =B10&C10 -> https://webpac.ntpclib.gov.tw/Miracle_rwd/content?m=ss&mId=1105574
A11: 不否定的教養練習：比稱讚、責備更有效的親子溝通技巧 | B11: https://webpac.ntpclib.gov.tw/Miracle_rwd/content?m=ss&mId= | C11: 1180967 | D11: =B11&C11 -> https://webpac.ntpclib.gov.tw/Miracle_rwd/content?m=ss&mId=1180967
A12: 挪威的森林 | B12: https://webpac.ntpclib.gov.tw/Miracle_rwd/content?m=ss&mId= | C12: 690233 | D12: =B12&C12 -> https://webpac.ntpclib.gov.tw/Miracle_rwd/content?m=ss&mId=690233
A13: 今天，就過喜歡的日子：布蘭達&維尼一步步實現心靈與物質自由全紀錄 | B13: https://webpac.ntpclib.gov.tw/Miracle_rwd/content?m=ss&mId= | C13: 1110477 | D13: =B13&C13 -> https://webpac.ntpclib.gov.tw/Miracle_rwd/content?m=ss&mId=1110477
A14: 修煉 I，動物精的祕密 | B14: https://webpac.ntpclib.gov.tw/Miracle_rwd/content?m=ss&mId= | C14: 743365 | D14: =B14&C14 -> https://webpac.ntpclib.gov.tw/Miracle_rwd/content?m=ss&mId=743365
A15: 解憂雜貨店 | B15: https://webpac.ntpclib.gov.tw/Miracle_rwd/content?m=ss&mId= | C15: 738279 | D15: =B15&C15 -> https://webpac.ntpclib.gov.tw/Miracle_rwd/content?m=ss&mId=738279
A16: 仙靈傳奇．詩魂 | B16: https://webpac.ntpclib.gov.tw/Miracle_rwd/content?m=ss&mId= | C16: 712879 | D16: =B16&C16 -> https://webpac.ntpclib.gov.tw/Miracle_rwd/content?m=ss&mId=712879
... A101: 被討厭的勇氣：人生幸福的行動指南 | B101: https://webpac.ntpclib.gov.tw/Miracle_rwd/content?m=ss&mId= | C101: 715638 | D101: =B101&C101 -> https://webpac.ntpclib.gov.tw/Miracle_rwd/content?m=ss&mId=715638

Sheet 114年紙本書閱讀排行榜
A1: 新北市立圖書館114年熱門閱讀排行榜
A2: 統計期間114年1月1日~114年12月31日
A3: 排行名次 | B3: ISBN | C3: 書名 | D3: 作者 | E3: 出版社 | F3: 類別(圖書、電子書)
A4: 1 | B4: 9786267412008 | C4: =HYPERLINK(書目連結!D2,書目連結!A2) -> 全知讀者視角 | D4: sing N song著 | E4: 星巡文化有限公司 | F4: 紙本書
A5: 2 | B5: 9789573342076 | C5: =HYPERLINK(書目連結!D3,書目連結!A3) -> 世界上最透明的故事 | D5: 杉井光作 | E5: 皇冠文化出版有限公司 | F5: 紙本書
A6: 3 | B6: 9789861344454 | C6: =HYPERLINK(書目連結!D4,書目連結!A4) -> 我可能錯了：森林智者的最後一堂人生課 | D6: 比約恩．納提科．林德布勞(Björn Natthiko Lindeblad), 卡洛琳．班克勒(Caroline Bankler), 納維德．莫迪里(Navid Modiri)著 | E6: 先覺出版股份有限公司 | F6: 紙本書
A7: 4 | B7: 9789576587399 | C7: =HYPERLINK(書目連結!D5,書目連結!A5) -> 蛤蟆先生去看心理師 | D7: 羅伯.狄保德(Robert de Board)著 | E7: 三采文化股份有限公司 | F7: 紙本書
A8: 5 | B8: 2023100173304 | C8: =HYPERLINK(書目連結!D6,書目連結!A6) -> 不便利的便利店 | D8: 金浩然著 | E8: 寂寞出版股份有限公司 | F8: 紙本書
A9: 6 | B9: 9789861755267 | C9: =HYPERLINK(書目連結!D7,書目連結!A7) -> 原子習慣：細微改變帶來巨大成就的實證法則 | D9: 詹姆斯．克利爾(James Clear)著 | E9: 方智出版社股份有限公司 | F9: 紙本書
A10: 7 | B10: 9789865102647 | C10: =HYPERLINK(書目連結!D8,書目連結!A8) -> 別對每件事都有反應 | D10: 枡野俊明著 | E10: 精誠資訊股份有限公司 悅知文化 | F10: 紙本書
A11: 8 | B11: 9789861371955 | C11: =HYPERLINK(書目連結!D9,書目連結!A9) -> 被討厭的勇氣：自我啟發之父「阿德勒」的教導 | D11: 岸見一郎, 古賀史健著 | E11: 究竟出版社股份有限公司 | F11: 紙本書
A12: 9 | B12: 9789863989493 | C12: =HYPERLINK(書目連結!D10,書目連結!A10) -> 納瓦爾寶典：從白手起家到財務自由，矽谷傳奇創投家的投資哲學與人生智慧 | D12: 艾瑞克．喬根森(Eric Jorgenson)著 | E12: 天下雜誌股份有限公司 | F12: 紙本書
A13: 10 | B13: 9789861345338 | C13: =HYPERLINK(書目連結!D11,書目連結!A11) -> 不否定的教養練習：比稱讚、責備更有效的親子溝通技巧 | D13: 林健太郎著 | E13: 先覺出版股份有限公司 | F13: 紙本書
A14: 11 | B14: 4712966622146 | C14: =HYPERLINK(書目連結!D12,書目連結!A12) -> 挪威的森林 | D14: 村上春樹著 | E14: 時報文化出版企業股份有限公司 | F14: 紙本書
A15: 12 | B15: 9786269688746 | C15: =HYPERLINK(書目連結!D13,書目連結!A13) -> 今天，就過喜歡的日子：布蘭達&維尼一步步實現心靈與物質自由全紀錄 | D15: 布蘭達&維尼著 | E15: 虎吉文化有限公司 | F15: 紙本書
... A103: 100 | B103: 9789861372273 | C103: =HYPERLINK(書目連結!D101,書目連結!A101) -> 被討厭的勇氣：人生幸福的行動指南 | D103: 岸見一郎, 古賀史健著 | E103: 究竟出版社股份有限公司 | F103: 紙本書
E105: 資料來源：新北市立圖書館

Sheet 114年電子書閱讀排行榜
A1: 新北市立圖書館114年熱門閱讀排行榜
A2: 統計期間114年1月1日~114年12月31日
A3: 排行名次 | B3: ISBN | C3: 書名 | D3: 作者 | E3: 出版社 | F3: 類別(圖書、電子書)
A4: 1 | B4: 9789861344454 | C4: 我可能錯了:森林智者的最後一堂人生課 | D4: 比約恩.納提科.林德布勞(Björn Natthiko Lindeblad), 卡洛琳.班克勒(Caroline Bankler), 納維德.莫迪里(Navid Modiri)著;郭騰堅譯;托馬斯．桑切斯（Tomás Sánchez）繪 | E4: 先覺 | F4: 電子書
A5: 2 | B5: 9789861755267 | C5: 原子習慣:細微改變帶來巨大成就的實證法則 | D5: 詹姆斯.克利爾(James Clear)作;蔡世偉譯 | E5: 方智 | F5: 電子書
A6: 3 | B6: 9789576587399 | C6: 蛤蟆先生去看心理師 | D6: 羅伯.狄保德(Robert de Board)著;張美惠譯 | E6: 三采文化 | F6: 電子書
A7: 4 | B7: 9786263350717 | C7: 底層邏輯:看清這個世界的底牌 | D7: 劉潤著 | E7: 時報 | F7: 電子書
A8: 5 | B8: 9786267252710 | C8: 持續買進:資料科學家的投資終極解答, 存錢及致富的實證方法 | D8: 尼克.馬朱利(Nick Maggiulli)著;李芳齡譯 | E8: 商業周刊 | F8: 電子書
A9: 6 | B9: 9789869422642 | C9: 投資最重要的事:一本股神巴菲特讀了兩遍的書 | D9: 霍華.馬克斯(Howard Marks)著;蘇鵬元譯 | E9: 商業周刊 | F9: 電子書
A10: 7 | B10: 9786263556379 | C10: 一如既往:不變的人性法則與致富心態 | D10: 摩根. 豪瑟(Morgan Housel)著;周宜芳譯 | E10: 天下文化 | F10: 電子書
A11: 8 | B11: 9789864543687 | C11: 最新!新制多益TOEIC閱讀題庫解析[有聲書]:最新收錄精準 10 回模擬試題!每月進場實測分析、完整傳授答題技巧, 黃金證書手到擒來!(附音檔) | D11: Hackers Academia著;許竹瑩, 談采薇譯 | E11: 國際學村 | F11: 電子書
A12: 9 | B12: 9786269673384 | C12: 家弒服務 | D12: 芙麗達.麥法登(Freida McFadden)著;謝佩妏譯 | E12: 寂寞 | F12: 電子書
A13: 10 | B13: 9789864543632 | C13: 最新!新制多益TOEIC聽力題庫解析[有聲書]:最新收錄精準 10 回模擬試題!每月進場實測分析、完整傳授答題技巧, 黃金證書手到擒來! | D13: Hackers Academia著;許竹瑩, 談采薇譯 | E13: 國際學村 | F13: 電子書
A14: 11 | B14: 9786267195178 | C14: 多巴胺國度:在縱慾年代找到身心平衡 | D14: 安娜.蘭布克醫師(Dr. Anna Lembke)著;鄭煥昇譯 | E14: 經濟新潮社 | F14: 電子書
A15: 12 | B15: 9786267492260 | C15: 給我40歲的女兒：心理醫師媽媽走過中年之路的38個提醒 | D15: 韓星姬(한성희 )著;Loui譯 | E15: 商業周刊 | F15: 電子書
... A63: 60 | B63: 9789869644730 | C63: 股票作手回憶錄:超越時代的投資傳奇 無可取代的作手操盤聖經 | D63: 埃德溫.勒菲弗(Edwin Lefèvre)著;李奧森譯 | E63: 大牌出版 遠足文化發行 | F63: 電子書
A64: 61 | B64: 9786263969131 ;9786263969124 | C64: 城與不確定的牆 | D64: 村上春樹 著; 賴明珠 譯 | E64: 時報 | F64: 電子書
A65: 62 | B65: 9786263352452 | C65: 兒子使用說明書:在你放棄和兒子溝通之前, 請先看腦科學專家怎麼說 | D65: 黑川伊保子著;蘇楓雅譯 | E65: 時報 | F65: 電子書
A66: 63 | B66: 9786263053595 | C66: 達克比辦案. 12, 雨林縱火犯:生物多樣性與熱帶雨林生態系 | D66: 胡妙芬文;柯智元圖;彭永成達克比形象原創 | E66: 親子天下股份有限公司出版 大和圖書有限公司總經銷 | F66: 電子書
A67: 64 | B67: 9789571039640 | C67: 暮光之城 | D67: 史蒂芬妮.梅爾(Stephenie Meyer)作;瞿秀蕙譯 | E67: 尖端 | F67: 電子書
A68: 65 | B68: 9786267491553 | C68: 停止內耗:為什麼光是待著就很累？停止讓情緒內耗偷走你的人生【內耗型人格自救小本本】(暢銷慶功版) | D68: 若杉 著 | E68: 大牌出版 | F68: 電子書
A69: 66 | B69: 9789571379968 | C69: 你, 是自己的鑰匙:靈媒媽媽的心靈解答書 | D69: Ruowen Huang作 | E69: 時報 | F69: 電子書
A70: 67 | B70: 9786267394823 | C70: 中年之路:穿越幽暗, 迎向完整的內在鍊金之旅 | D70: 詹姆斯. 霍利斯著;鐘穎(愛智者)譯 | E70: 楓樹林 | F70: 電子書
A71: 68 | B71: 9786263582309 | C71: 是花季的關係 | D71: 張西 著 | E71: 三采文化股份有限公司 | F71: 電子書
A72: 69 | B72: 9786267229446 | C72: 神明便利商店. 2 | D72: 謝東霖著 | E72: 鏡文學 | F72: 電子書
A73: 70 | B73: 9786263585287 | C73: 月老營業中. 1, 靈魂功課 | D73: 懷疑論者的通靈觀察 著 | E73: 三采文化股份有限公司 | F73: 電子書
A74: 71 | B74: 9789864794171 | C74: 金錢心理學:打破你對金錢的迷思, 學會聰明花費 | D74: 丹.艾瑞利(Dan Ariely), 傑夫.克萊斯勒(Jeff Kreisler)著;李芳齡譯 | E74: 遠見天下文化出版 大和書報圖書總經銷 | F74: 電子書
A75: 72 | B75: 9786263557154 | C75: 深刻認識一個人:發現自己與他人的非凡之處 | D75: 大衛. 布魯克斯(David Brooks)著;廖月娟譯 | E75: 遠見天下文化出版股份有限公司 | F75: 電子書
A76: 73 | B76: 9786269876839 | C76: 正念殺機【NETFLIX影集Murder Mindfully蓄弒待發】 | D76: 卡斯登. 杜瑟(Karsten Dusse)著;鄭惠芬譯 | E76: 寂寞出版股份有限公司 | F76: 電子書
... A103: 100 | B103: 9789575039707 | C103: 神奇柑仔店. 10, 順風耳軟糖的報應 | D103: 廣嶋玲子文;jyajya圖;王蘊潔譯 | E103: 親子天下出版 大和圖書總經銷 | F103: 電子書
E105: 資料來源：新北市立圖書館
